 Seeded DCSS version 0.28-a0-1339-ga5422284a4 (webtiles) character file.

Game seed: 12219887455895637472 (custom seed)

134 wilfster70 the Caller (level 4, -2/18 HPs)
             Began as a Felid Summoner on Dec 28, 2021.
             Slain by an adder (4 damage)
             ... while paralysed by Grinder
             ... on level 4 of the Dungeon.
             The game lasted 00:19:00 (5211 turns).

wilfster70 the Caller (Felid Summoner)              Turns: 5211, Time: 00:19:01

Health: -2/18      AC:  1    Str:  4    XL:     4   Next: 95%
Magic:  9/9        EV:  4    Int: 18    God:
Gold:   116        SH:  0    Dex: 17    Spells: 0/9 levels left
                                        Lives:  0   Deaths: 1

rFire   . . .      SeeInvis +   (weapon unavailable)
rCold   . . .      Faith    .   (shield unavailable)
rNeg    . . .      Spirit   .   (armour unavailable)
rPois   .          Reflect  .   (helmet unavailable)
rElec   .          Harm     .   (cloak unavailable)
rCorr   .          Rampage  .   (gloves unavailable)
Will    .....                   (boots unavailable)
Stlth   ++........              (no amulet)
HPRegen 0.06/turn               (no ring)
MPRegen 0.11/turn               (no ring)

@: paralysed, lethally poisoned (-2 -> -5), quick
A: very small, claws 1, fangs 3, see invisible, speed 1, shaggy fur 1, stealthy
paws, no weapons or thrown items, no armour, multi-lived
a: no special abilities


You were on level 4 of the Dungeon.
You visited 1 branch of the dungeon, and saw 4 of its levels.

You collected 116 gold pieces.

Inventory:

Jewellery
 h - a ring of ice
Wands
 k - a wand of digging (5)
 l - a wand of polymorph (2)
Scrolls
 a - a scroll of teleportation {unknown}
 d - a scroll of amnesia {unknown}
 e - a scroll of identify {unknown}
 g - a scroll of silence {unknown}
Potions
 b - a potion of brilliance {unknown}
 c - 2 potions of lignification {unknown}


   Skills:
 - Level 2.6 Dodging
 - Level 2.6 Stealth
 - Level 3.1 Spellcasting
 + Level 4.2 Hexes
 + Level 5.8 Summonings


You couldn't memorise any spells.
You knew the following spells:

 Your Spells              Type           Power      Damage    Failure   Level
a - Summon Small Mammal   Summ           96%        N/A       1%          1
b - Call Imp              Summ           24%        N/A       2%          2
c - Call Canine Familiar  Summ           24%        N/A       4%          3
d - Summon Guardian Gole  Hex/Summ       21%        N/A       6%          3

Your spell library contained the following spells:

 Spells                   Type           Power      Damage    Failure   Level
 Blink                    Tloc           4%         N/A       24%         2
 Gell's Gravitas          Tloc           2%         N/A       43%         3
 Lesser Beckoning         Tloc           2%         N/A       43%         3
 Teleport Other           Tloc           2%         N/A       43%         3
 Summon Lightning Spire   Summ/Air       13%        N/A       43%         4
 Manifold Assault         Tloc           2%         N/A       99%         5
 Storm Form               Tmut/Air       1%         N/A       100%        7
 Maxwell's Capacitive Co  Air            1%         ∞         100%        8


Dungeon Overview and Level Annotations

Branches:
Dungeon (4/15)
 Temple: D:4-7

Altars:
Makhleb
Yredelemnul

Annotations:
D:3 Pikel
D:4 Grinder


Innate Abilities, Weirdness & Mutations

You have sharp claws.
You have razor-sharp teeth.
You have supernaturally acute eyesight. (SInv)
You cover ground quickly. (Speed+)
You are covered in fur. (AC +1)
Your paws help you pounce on unaware monsters.
You are incapable of wielding weapons or throwing items.
You cannot wear armour.
You gain extra lives every three experience levels.


Message History

Pikel hits you with a +1 whip of flaming.
Pikel burns you.
* * * LOW HITPOINT WARNING * * *
Your hound closely misses Pikel.
The lemure barely misses you.
You scratch Pikel but do no damage.
Pikel is lightly wounded.
Your hound bites Pikel but does no damage.
Pikel hits you with a +1 whip of flaming!
You die...
Pikel burns you. The nameless horror hits your hound. The lemure hits you.
Your hound bites Pikel.
You are now level 4!
You rejoin the land of the living...
Unknown command.
Unknown command.
Things that are here:
a +2 ring mail of cold resistance; a +0 club
There is a stone staircase leading down here.
You climb downwards.
The hobgoblin shouts!
There is a stone staircase leading up here.
An adder comes into view.
Grinder shouts!
You hear an angry hiss.
Grinder gestures at you.
You suddenly lose the ability to move!
The quokka bites you. x2
Grinder gestures at you.
You struggle to resist.
The quokka completely misses you. The adder barely misses you.
The quokka bites you. Grinder gestures at you.
You shrug off the repeated paralysis!
A necrophage comes into view.
The adder bites you. The quokka bites you. The adder bites you.
* * * LOW HITPOINT WARNING * * *
You are lethally poisoned!
The adder poisons you!
The quokka bites you but does no damage.
* * * LOW HITPOINT WARNING * * *
You feel sick. The adder bites you.
You die...

#...?.......# ..
............####.#.#
#........n..........
#............##.....#
#
#......<.....##.....##
..
#...>.................
>.
.............5......#
..
...##..............!#
.. ..
#.....@Sg.#.....## ..
.
#......r..#......#...
.>
########.##..<.......
.. #.............. ..
#S.######...... ..
#...# ...... .. #....#
..... .. .....## ..###
.. ##..#. ..


You could see Grinder, a necrophage (wandering), an adder, a quokka and a
hobgoblin.

Vanquished Creatures
  An orc (D:2)
  2 endoplasms (D:3)
  3 bats
  2 frilled lizards (D:1)
  3 rats
11 creatures vanquished.

Vanquished Creatures (collateral kills)
  A hound (D:2)
  An orc wizard (D:3)
  Natasha (twice) (D:3)
  5 adders
  A worm (D:3)
  2 dart slugs
  10 orcs
  6 ball pythons
  9 endoplasms
  A giant cockroach (D:1)
  4 goblins
  8 hobgoblins
  3 quokkas
  4 bats
  4 frilled lizards
  6 kobolds
  A rat (D:3)
68 creatures vanquished.

Vanquished Creatures (others)
  A lemure (D:2)
  Natasha (D:3)
2 creatures vanquished.

Grand Total: 81 creatures vanquished

Notes
Turn   | Place    | Note
-------+----------+-------------------------------------------
     0 | D:1      | wilfster70 the Felid Summoner began the quest for the Orb.
     0 | D:1      | Reached XP level 1. HP: 7/7 MP: 4/4
   350 | D:1      | Reached XP level 2. HP: 11/11 MP: 4/6
   353 | D:1      | Learned a level 2 spell: Call Imp
  1047 | D:1      | Reached XP level 3. HP: 13/14 MP: 5/8
  1051 | D:1      | Learned a level 3 spell: Call Canine Familiar
  1052 | D:1      | Found a faded altar of an unknown god.
  1720 | D:2      | Reached XP level 4. HP: 9/18 MP: 3/9
  1725 | D:2      | Learned a level 3 spell: Summon Guardian Golem
  2150 | D:2      | Reached skill level 5 in Summonings
  2275 | D:2      | Reached skill level 1 in Hexes
  2282 | D:2      | You fall into a shaft and drop 1 floor!
  2618 | D:3      | Found a basalt altar of Yredelemnul.
  2885 | D:3      | Reached XP level 5. HP: 21/21 MP: 8/10
  3353 | D:3      | Found a burning altar of Makhleb.
  3748 | D:3      | Noticed a nameless horror
  4062 | D:4      | Noticed Natasha
  4062 | D:4      | Noticed a lemure
  4062 | D:4      | Noticed a lemure
  4062 | D:4      | Noticed a lemure
  4062 | D:4      | Noticed Pikel
  4065 | D:4      | Noticed a lemure
  4083 | D:3      | Killed Natasha
  4389 | D:3      | Found a basalt altar of Yredelemnul.
  4406 | D:3      | Noticed Natasha
  4427 | D:3      | Killed Natasha
  4747 | D:3      | Noticed Natasha
  4763 | D:3      | Killed Natasha
  5006 | D:2      | Killed a lemure
  5146 | D:3      | Slain by Pikel
  5147 | D:3      | Reached XP level 4. HP: -2/18 MP: 8/9
  5198 | D:4      | Noticed Grinder
  5205 | D:4      | Paralysed by Grinder for 6 turns
  5209 | D:4      | Noticed a necrophage
  5211 | D:4      | Slain by an adder

Illustrated notes

Levels and vault maps discovered:
D:1:      mushboom_english_gardens, layout_loops_ring, serial_aquarium,
          aquarium_bridge_island_small [aquarium_subvault_small_open,
          aquarium_subvault_wall, aquarium_subvault_bridge,
          aquarium_subvault_bridge, aquarium_subvault_wall],
          aquarium_window_fake, aquarium_window_1, aquarium_window_2,
          aquarium_view_2f, aquarium_view_2f, aquarium_pool_2,
          nicolae_ecumenical_lake_church
D:2:      layout_rooms, kennysheep_generic_room_3
D:3:      layout_loops_ring, bloody_makhleb, lemuel_round_altar
D:4:      layout_rooms, mainiacjoe_overflow_surrounded_room, uniq_menkaure,
          uniq_natasha, uniq_grinder, uniq_pikel

Skill      XL: |  1  2  3  4  5 |
---------------+----------------+-----
Spellcasting   | 3 |  3.1
Summonings     | 5 |  5.8
Hexes          | 2 4 |  4.2
Dodging        | |  2.6
Stealth        | |  2.6

Action                   |  1- 3 |  4- 6 || total
-------------------------+-------+-------++-------
Melee: Unarmed           |    14 |    31 ||    45
       Bite              |     2 |     5 ||     7
 Cast: Summon Small Mamm |    10 |       ||    10
       Call Imp          |    16 |    13 ||    29
       Call Canine Famil |     2 |    17 ||    19
       Summon Guardian G |       |     5 ||     5
  Use: Scroll            |       |     2 ||     2
       Potion            |       |     2 ||     2
 Stab: Sleeping          |     2 |     2 ||     4
Armor: Skin              |     3 |     2 ||     5
Dodge: Dodged            |    22 |    63 ||    85

Table legend: (Time is in decaauts)
 A = Elapsed time spent in this place.
 B = Non-inter-level travel time spent in this place.
 C = Inter-level travel time spent in this place.
 D = Time resting spent in this place.
 E = Time spent auto-exploring this place.
 F = Levels seen in this place.
 G = Mean time per level.
                   A        B        C        D        E       F      G
               +--------+--------+--------+--------+--------+-----+--------+
         Total |   4695 |   4500 |    195 |   1892 |   1122 |   4 | 1173.8 |
       Dungeon |   4695 |   4500 |    195 |   1892 |   1122 |   4 | 1173.8 |
               +--------+--------+--------+--------+--------+-----+--------+

Top non-repeatable levels by time:
     D:3: 2159 daAuts
     D:1: 1307 daAuts
     D:2: 1186 daAuts
     D:4: 41 daAuts
